Map: 트라이튼 - 래더

Players

Clem

  • Race: Terran Terran
  • League: Master
  • Spawn Location: 5:00

soO - Winner!

  • Race: Zerg Zerg
  • League: Master
  • Spawn Location: 11:00

Event: HomeStory Cup XX

VOD

Have the link to the VOD?

Description

Time

  • Played on: Nov. 22, 2019, 7:42 a.m.
  • Length: 6:28

All games in this series

Show
View Real Time Build Order
Export as new Build Order

Clem Terran 

Build Orders: Gas First Reaper Expand, Hellion Opening 

Get SALT Encoding   

  12  0:00  SCV  
  13  0:12  SCV  
  14  0:16  Supply Depot  
  14  0:25  SCV  
  15  0:29  Refinery  
  15  0:38  SCV  
  16  0:43  Barracks  
  16  0:50  SCV  
  17  1:02  SCV  
  18  1:14  SCV  
  19  1:31  Orbital Command, Reaper  
  20  1:41  Command Center  
  20  1:50  Supply Depot  
  20  1:55  Factory  
  20  1:59  SCV  
  21  2:07  Barracks Reactor  
  21  2:09  Supply Depot  
  21  2:13  SCV  
  22  2:18  Refinery  
  22  2:25  SCV  
  23  2:37  SCV  
  24  2:44  Starport  
  24  2:47  Hellion x2  
  24  2:50  Barracks Tech Lab  
  28  2:52  SCV  
  29  2:58  Orbital Command  
  29  3:04  SCV  
  30  3:14  Hellion x2  
  30  3:17  SCV  
  34  3:27  Viking  
  34  3:29  SCV  
  34  3:30  SCV  
  38  3:37  Supply Depot  
  38  3:41  SCV  
  39  3:42  Hellion  
  39  3:45  Hellion  
  39  3:48  SCV  
  44  3:53  SCV  
  45  3:57  Armory  
  45  3:59  Medivac  
  45  4:01  SCV  
  48  4:05  SCV  
  49  4:11  Hellion x2  
  49  4:16  Supply Depot  
  49  4:17  SCV  
  54  4:22  Stimpack  
  54  4:30  Supply Depot, SCV x2  
  54  4:38  Starport Reactor  
  54  4:42  SCV  
  54  4:45  Command Center  
  55  4:46  Factory Tech Lab  
  55  4:48  SCV  
  55  4:51  Marine  
  57  4:54  SCV  
  57  4:59  Barracks  
  58  5:00  Barracks  
  58  5:01  SCV  
  59  5:07  SCV  
  59  5:09  Siege Tank  
  59  5:11  Liberator  
  59  5:13  SCV  
  63  5:14  Liberator  
  63  5:15  Supply Depot  
  63  5:16  Bunker  
  63  5:19  SCV  
  63  5:20  Hellion  
  63  5:21  Hellion x2  
  60  5:25  SCV  
  60  5:26  Marine  
  61  5:32  SCV  
  63  5:40  SCV  
  60  5:44  Marine  
  60  5:45  SCV  
  52  5:50  Marine  
  47  6:01  Marine x2  
  47  6:02  Marine  
Show
View Real Time Build Order
Export as new Build Order

soO Zerg - Winner!

Build Orders: Pool First 

Get SALT Encoding   

  12  0:00  Drone  
  13  0:12  Overlord  
  13  0:17  Drone  
  14  0:30  Drone x2  
  14  0:35  Drone  
  17  0:43  Spawning Pool  
  17  0:47  Drone  
  17  1:07  Hatchery  
  17  1:11  Drone  
  17  1:16  Drone  
  18  1:25  Extractor  
  17  1:30  Zergling x4, Queen  
  21  1:39  Overlord  
  21  1:49  Drone  
  22  2:00  Drone  
  23  2:06  Queen  
  25  2:11  Drone  
  26  2:19  Queen  
  26  2:20  Drone  
  29  2:24  Drone  
  29  2:28  Metabolic Boost  
  30  2:31  Overlord  
  30  2:33  Drone  
  31  2:39  Drone x2  
  31  2:40  Drone  
  34  2:44  Drone  
  34  2:49  Drone  
  36  3:00  Drone  
  36  3:01  Drone  
  36  3:04  Drone  
  39  3:13  Drone  
  39  3:15  Hatchery  
  39  3:19  Queen  
  41  3:20  Overlord  
  41  3:26  Drone  
  42  3:27  Drone x3  
  42  3:33  Overlord  
  43  3:40  Drone x2  
  43  3:41  Zergling x4  
  47  3:47  Roach Warren  
  46  3:51  Zergling x4  
  48  3:56  Drone x2  
  48  3:57  Queen  
  48  3:58  Extractor  
  48  4:00  Extractor  
  50  4:04  Drone  
  50  4:05  Drone  
  50  4:06  Drone  
  50  4:08  Overlord  
  53  4:12  Drone, Overlord  
  54  4:24  Overlord  
  54  4:28  Roach x4  
  62  4:34  Roach x3  
  68  4:41  Roach  
  68  4:42  Roach  
  72  4:47  Roach  
  74  4:55  Zergling x10  
  74  4:57  Ravager x2  
  81  5:13  Overlord  
  81  5:17  Drone x2  
  81  5:20  Drone x5  
  81  5:21  Drone x2  
  84  5:22  Drone  
  84  5:25  Drone x3  
  84  5:26  Drone x2  
  88  5:34  Roach x2  
  92  5:38  Roach  
  92  5:39  Ravager  
  92  5:40  Ravager x2  
  97  5:43  Ravager  
  97  5:46  Overlord  
  85  5:59  Zergling x2, Roach x6  
  98  6:09  Zergling x12  
Tags
 
Add a new tag
Caveats
  • Supply blocks, unpowered buildings, or Contaminate may cause inaccurate times.
  • Supply counts are checked every 10 seconds.